 Dungeon Crawl Stone Soup version 0.31-a0-210-gccc998df9b (webtiles) character file.

Game seed: 10344498152226847160

478343 CornPuffBuddha the Conqueror (level 23, -20/216 HPs)
             Began as a Minotaur Hunter on May 5, 2023.
             Was the Champion of Hepliaklqana.
             Demolished by an Ice Fiend (43 damage)
             ... summoned by a dread lich
             ... on level 3 of the Depths on June 29, 2023.
             The game lasted 03:56:47 (48337 turns).

CornPuffBuddha the Conqueror (Minotaur Hunter)     Turns: 48337, Time: 03:56:48

Health: -20/216    AC: 23    Str: 16    XL:     23   Next: 37%
Magic:  25/25      EV: 47    Int:  8    God:    Hepliaklqana [******]
Gold:   3435       SH:  5    Dex: 31    Spells: 22/22 levels left

rFire   x . .        R - +6 arbalest (drain)
rCold   . . .        (shield currently unavailable)
rNeg    + . .        T - +4 faerie dragon scales {Rampage rF- rCorr Int+2}
rPois   .            I - +1 hat of the Vacuum {rN+ Slay+5}
rElec   .            M - +2 cloak
rCorr   +            c - +2 pair of gloves
SInv    .            v - +2 pair of boots
Will    ++...        G - amulet of reflection
Stlth   ++           u - +5 ring of evasion
HPRegen 0.56/turn    n - +6 ring of dexterity
MPRegen 0.19/turn

%: reflection, rampage
@: about to teleport
A: reduced essence, horns 2, retaliatory headbutt, claws 1, deformed body,
deterioration 1, low MP 1, strong-willed 1, MP-powered wands
}: 3/15 runes: decaying, serpentine, abyssal
a: Renounce Religion, Recall Ancestor, Ancestor Identity, Transference, Idealise


You were on level 3 of the Depths.
You worshipped Hepliaklqana.
Hepliaklqana was exalted by your worship.
You visited 10 branches of the dungeon, and saw 42 of its levels.
You visited the Abyss 3 times.
You visited 1 bazaar.
You also visited: Ossuary.

You collected 6164 gold pieces.
You spent 2729 gold pieces at shops.

Inventory:

Hand Weapons
 Q - a +0 longbow
 R - a +6 arbalest of draining (weapon)
 S - a +6 orcbow of electrocution
Missiles
 g - 4 javelins
 h - 2 throwing nets
Armour
 c - a +2 pair of gloves (worn)
 d - a +3 troll leather armour
 v - a +2 pair of boots (worn)
 I - the +1 hat of the Vacuum (worn) {rN+ Slay+5}
   (You found it on level 3 of the Vaults)

   Slay:      It affects your accuracy & damage with ranged weapons and melee
   (+5).
   rN:        It protects you from negative energy.
 M - a +2 cloak (worn)
 T - the +4 faerie dragon scales (worn) {Rampage rF- rCorr Int+2}
   (You took it off the Enchantress on level 15 of the Dungeon)

   Int:       It affects your intelligence (+2).
   rF:        It makes you vulnerable to fire.
   rCorr:     It protects you from acid and corrosion.
   Rampage:   It bestows one free step when moving towards enemies.
Jewellery
 n - a +6 ring of dexterity (right hand)
 r - an amulet of guardian spirit
 u - a +5 ring of evasion (left hand)
 y - the ring of Toraru {rF- rCorr EV+5 Str+5}
   (You found it on level 3 of the Depths)

   [ring of evasion]

   EV:        It affects your evasion (+5).
   Str:       It affects your strength (+5).
   rF:        It makes you vulnerable to fire.
   rCorr:     It protects you from acid and corrosion.
 C - an amulet of magic regeneration
 G - an amulet of reflection (around neck)
Wands
 x - a wand of paralysis (52)
 A - a wand of digging (4)
 N - a wand of iceblast (3)
 O - a wand of flame (57)
 W - a wand of polymorph (15)
 Y - a wand of mindburst (26)
Scrolls
 b - 11 scrolls of immolation
 e - 9 scrolls of revelation
 f - 8 scrolls of teleportation
 j - 6 scrolls of poison
 l - 7 scrolls of fear
 o - 8 scrolls of noise
 s - a scroll of brand weapon
 D - 11 scrolls of amnesia
 E - 5 scrolls of torment
 F - 4 scrolls of fog
 J - 2 scrolls of silence
 L - 25 scrolls of identify
 U - 10 scrolls of vulnerability
Potions
 a - 6 potions of brilliance
 i - 6 potions of haste
 k - 5 potions of might
 p - a potion of invisibility
 q - 3 potions of enlightenment
 t - 6 potions of degeneration
 w - a potion of experience {unknown}
 z - 4 potions of cancellation
 B - 7 potions of curing
 H - 3 potions of lignification
 K - 5 potions of berserk rage
 P - 9 potions of attraction
 V - 4 potions of ambrosia
 X - 5 potions of mutation
 Z - a potion of magic
Miscellaneous
 m - a phantom mirror


   Skills:
 O Level 27 Fighting
 + Level 23.2 Ranged Weapons
 - Level 6.0 Throwing
 - Level 15.0 Armour
 O Level 27 Dodging
 - Level 0.7 Stealth
 - Level 8.0 Invocations
 - Level 4.0 Evocations


You had 22 spell levels left.
You didn't know any spells.
Your spell library contained the following spells:

 Spells                   Type           Power      Damage    Failure   Level
 Apportation              Tloc           0%         N/A       47%         1
 Beastly Appendage        Tmut           0%         N/A       47%         1
 Necrotise                Necr           0%         1d4       47%         1
 Summon Small Mammal      Summ           0%         N/A       47%         1
 Cigotuvi's Dreadful Rot  Necr/Pois/Air  0%         N/A       63%         2
 Ensorcelled Hibernation  Hex/Ice        0%         N/A       63%         2
 Poisonous Vapours        Pois/Air       0%         N/A       63%         2
 Static Discharge         Conj/Air       0%         2-2/arc   63%         2
 Sublimation of Blood     Necr           0%         N/A       63%         2
 Wereblood                Tmut           0%         N/A       63%         2
 Call Canine Familiar     Summ           0%         N/A       85%         3
 Dazzling Flash           Conj/Hex       0%         N/A       85%         3
 Frozen Ramparts          Ice            0%         1d1       85%         3
 Gell's Gravitas          Tloc           0%         N/A       85%         3
 Mephitic Cloud           Conj/Pois/Air  0%         N/A       85%         3
 Spider Form              Tmut/Pois      0%         N/A       85%         3
 Stone Arrow              Conj/Erth      0%         3d7       85%         3
 Summon Guardian Golem    Hex/Summ       0%         N/A       85%         3
 Tukima's Dance           Hex            0%         N/A       85%         3
 Airstrike                Air            0%         2d(0-16)  99%         4
 Anguish                  Hex/Necr       0%         N/A       99%         4
 Animate Armour           Summ/Erth      0%         N/A       99%         4
 Cause Fear               Hex            0%         N/A       99%         4
 Dispel Undead            Necr           0%         3d6       99%         4
 Ice Form                 Ice/Tmut       0%         N/A       99%         4
 Passage of Golubria      Tloc           0%         N/A       99%         4
 Petrify                  Tmut/Erth      0%         N/A       99%         4
 Summon Ice Beast         Ice/Summ       0%         N/A       99%         4
 Summon Lightning Spire   Summ/Air       0%         N/A       99%         4
 Agony                    Necr           0%         N/A       100%        5
 Alistair's Intoxication  Tmut/Pois      0%         N/A       100%        5
 Borgnjor's Vile Clutch   Necr/Erth      0%         N/A       100%        5
 Fireball                 Conj/Fire      0%         3d3       100%        5
 Freezing Cloud           Conj/Ice/Air   0%         6-21      100%        5
 Irradiate                Conj/Tmut      0%         3d11      100%        5
 Iskenderun's Battlesphe  Conj           0%         2d6       100%        5
 Silence                  Hex/Air        0%         N/A       100%        5
 Summon Mana Viper        Hex/Summ       0%         N/A       100%        5
 Yara's Violent Unravell  Hex/Tmut       0%         3d3       100%        5
 Conjure Ball Lightning   Conj/Air       0%         3x3d6     100%        6
 Death Channel            Necr           0%         N/A       100%        6
 Dispersal                Tloc           0%         N/A       100%        6
 Eringya's Noxious Bog    Tmut/Pois      0%         N/A       100%        6
 Leda's Unmaking          Conj/Erth      0%         9d1       100%        6
 Statue Form              Tmut/Erth      0%         N/A       100%        6
 Orb of Destruction       Conj           0%         9d5       100%        7
 Spellforged Servitor     Conj/Summ      0%         N/A       100%        7
 Summon Hydra             Summ           0%         N/A       100%        7
 Lehudib's Crystal Spear  Conj/Erth      0%         10d2      100%        8


Dungeon Overview and Level Annotations

Branches:
Dungeon (15/15)            Temple (1/1) D:6            Lair (5/5) D:10
  Swamp (4/4) Lair:2        Snake (4/4) Lair:3        Slime (0/5) Lair:5
    Orc (2/2) D:10            Elf (2/3) Orc:2        Vaults (4/5) D:14
  Crypt (2/3) Vaults:2     Depths (3/4) D:15        Ossuary (visited)

Altars:
Ashenzari
Cheibriados
Dithmenos
Elyvilon
Fedhas
Gozag
Hepliaklqana
Kikubaaqudgha
Makhleb
Nemelex Xobeh
Okawaru
Qazlal
Ru
Sif Muna
Trog
Uskayaw
Vehumet
Wu Jian
Xom
Yredelemnul
Zin
The Shining One
Lugonu

Shops:
D:5 =   D:6 =   D:8 :   Orc:1 !*?   Orc:2 =[[!   Elf:2 [   Snake:1 *(*?
Vaults:1 ?   Vaults:3 (   Depths:1 !*[

Portals:
Hell: Depths:1 Depths:2
Abyss: Lair:5
Pandemonium: Depths:2
Ziggurat: Depths:1

Annotations:
Swamp:2 Roxanne
Orc:1 1 runed translucent door
Elf:2 3 runed translucent doors
Vaults:4 2 transporters, rabbitsville's ghost, adept HOFi


Innate Abilities, Weirdness & Mutations

Your life essence is reduced to manifest your ancestor. (-10% HP)
You have a pair of horns on your head.
You reflexively headbutt those who attack you in melee.
You have sharp fingernails.
Armour fits poorly on your strangely shaped body.
Your body sometimes deteriorates upon taking damage.
Your magical capacity is low. (-10% MP)
You are strong-willed. (Will+)
You expend magic power (3 MP) to strengthen your wands.


Message History

BIGCHUGS points next to you and mumbles some strange words.
The stone arrow hits something!
The deep elf annihilator completely misses you.
The balrug hits you with a +2 vampiric demon whip.
You are engulfed in flames!!
The fire burns you terribly!
* * * LOW HITPOINT WARNING * * *
Something completely misses you.
The Ice Fiend calls on the powers of darkness!
Your body is wracked with pain!
* * * LOW HITPOINT WARNING * * *
Fire: R) +6 arbalest (drain)
Press: ? - help, Q - select action, (/) - cycle Shift-Dir - straight line, f/p - deep elf annihilator
Aim: a deep elf annihilator, wielding a +0 short sword and wearing a +0 ring mail (almost dead, covered in liquid flames, lightly drained, 86% to hit)
You shoot a bolt. The bolt hits the deep elf annihilator.
You kill the deep elf annihilator!
BIGCHUGS hits something with a +0 lajatang of freezing!!
BIGCHUGS freezes something.
You hear some strange, mumbled words.
The balrug misses you. You block the Ice Fiend's attack.
The Ice Fiend claws you but does no damage.
Read: 7 scrolls of fear
Press: ? - help, Q - select action, (/) - cycle Dir - look around, f - activate You can't see that place. [a stone wall.]
Okay, then.
Save game and exit?
Welcome back, CornPuffBuddha the Minotaur Hunter.
Hepliaklqana says: Your past becomes your present!
Press ? for a list of commands and other information.
Aiming: Phantom Mirror
Press: ? - help, Q - select action, (/) - cycle Dir - move target, f - Hell Sentinel
Aim: a Hell Sentinel (summoned)
Okay, then.
As you read the scroll of teleportation, it crumbles to dust.
You feel strangely unstable. Something completely misses you.
BIGCHUGS closely misses something.
The balrug misses you. Something completely misses you.
The Ice Fiend claws you!
* * * LOW HITPOINT WARNING * * *
The Ice Fiend freezes you!!!
You die...

#≈.........~'..'[......≈
#≈..⌠...⌠..~'..'[......≈
#≈#...⌠...#≈#≈≈#.##.##.≈
#≈##.....##≈####.......≈
#≈≈≈≈≈~≈≈≈≈≈# #.......#
######'###### #.##.##.#
#.# #.......# ###2###
#⌠.....⌠# #..1@.#
######### #..#{1#
+.#⌠#R+ #..# .# #.. .#
## ##


You could see the friendly BIGCHUGS the battlemage, a Hell Sentinel (summoned),
an Ice Fiend (summoned) and a balrug (summoned).

Vanquished Creatures
  A dread lich (Depths:3)
  Mara (Vaults:2)
  A royal mummy (Crypt:2)
  Nikola (Depths:2)
  A bone dragon (Abyss:3)
  the Enchantress (D:15)
  A tentacled monstrosity (Abyss:3)
  2 liches
  An Executioner (Abyss:3)
  A quicksilver dragon (Abyss:3)
  The ghost of Lance11888 the Marksoctopus, an adept OpDe of Fedhas (Vaults:1)
  A tengu reaver (Depths:1)
  11 tentacled starspawn
  Kirke (Elf:1)
  A fire giant (Depths:2)
  2 daevas (Abyss:3)
  8 nagarajas (Snake:4)
  A spectral juggernaut (Crypt:2)
  A deep elf elementalist (Elf:1)
  A spectral caustic shrike (Crypt:2)
  Aizul (Swamp:2)
  A caustic shrike zombie (Crypt:1)
  8 vault wardens
  2 orc warlords
  An ophan (Abyss:3)
  9 ironbound preservers
  A war gargoyle (Vaults:4)
  An angel (Abyss:3)
  A juggernaut skeleton (Abyss:3)
  2 very ugly things
  4 ironbound thunderhulks
  4 stone giants
  2 spriggan defenders (D:15)
  A green draconian (Abyss:2)
  3 vampire knights
  A starflower (Abyss:3)
  3 eleionomae
  2 deep elf demonologists
  3 dire elephants
  A red draconian (Abyss:2)
  A deep elf annihilator (Depths:3)
  Azrael (D:15)
  5 bunyips
  An eidolon (Crypt:1)
  4 spark wasps (Depths:2)
  2 deep elf death magi
  2 mummy priests (Crypt:2)
  5 jiangshi
  2 crystal guardians (Vaults:4)
  2 ettins
  4 great orbs of eyes
  A spectral spriggan (Crypt:2)
  11 hydras
  2 fire dragons
  A spectral fenstrider witch (Crypt:2)
  A shambling mangrove (Swamp:4)
  8 yaktaur captains
  13 vault guards
  3 ice dragons (Depths:2)
  3 rakshasas
  5 centaur warriors
  2 ghost crabs
  6 spriggan air magi
  2 spriggan skeletons (Abyss:2)
  4 ironbound frosthearts
  2 salamander tyrants
  A peacekeeper (Vaults:4)
  19 dancing weapons
  5 deep troll shamans
  6 two-headed ogres
  4 tengu warriors
  2 alligators
  11 anacondas
  3 boulder beetles
  A catoblepas (Lair:4)
  5 deep troll earth magi
  2 hell hogs (Abyss:3)
  6 naga warriors
  2 death yaks (Lair:2)
  2 orc high priests
  A shock serpent (shapeshifter) (Depths:1)
  3 shock serpents
  13 thrashing horrors
  2 soul eaters (Abyss:2)
  8 spriggans
  2 fire crabs (shapeshifter)
  15 naga sharpshooters
  4 spriggan berserkers
  7 vampire magi
  6 wretched stars (Abyss:3)
  8 deep elf knights
  2 shadow wraiths
  A skyshark (Lair:5)
  3 sun demons (Abyss:3)
  3 salamander mystics
  2 sixfirhies (Abyss:3)
  6 skeletal warriors (Crypt:1)
  2 goliath frogs
  8 iron trolls
  A storm dragon skeleton (Crypt:1)
  A spectral bunyip (Crypt:2)
  A spatial maelstrom (Abyss:3)
  4 spriggan druids
  33 deep trolls
  3 flayed ghosts
  2 cherubim (Abyss:3)
  6 glowing orange brains
  3 swamp dragons
  2 bog bodies
  6 deep elf archers
  A spectral hydra (Swamp:4)
  A harpy (Vaults:1)
  10 wizards
  8 naga ritualists
  5 orc knights
  8 lindwurms
  10 deep elf pyromancers
  7 phantasmal warriors
  7 deep elf zephyrmancers
  2 necromancers
  5 mana vipers
  14 ironbound convokers
  4 orc sorcerers (Orc:2)
  16 ugly things
  A tengu skeleton (Vaults:4)
  3 will-o-the-wisps
  2 manticores
  3 oklob plants (Swamp:4)
  8 salamanders
  5 cyclopes
  5 guardian serpents
  8 elephants
  2 rust devils
  5 vault sentinels
  A spectral alligator snapping turtle (Crypt:2)
  An apocalypse crab (Abyss:3)
  A sphinx skeleton (Crypt:1)
  23 black mambas
  10 naga magi
  A black mamba (shapeshifter) (D:14)
  7 cane toads
  2 hellions (Abyss:3)
  14 smoke demons
  2 orange demons (Abyss:2)
  3 gargoyles
  3 kobold demonologists (D:11)
  4 komodo dragons
  5 tengu conjurers
  3 efreet
  2 tormentors
  A silent spectre (Abyss:3)
  A spectral salamander (Snake:1)
  A freezing wraith (Swamp:4)
  5 ancient zymes
  3 rime drakes
  3 spectral harpies (Crypt:2)
  A pale draconian skeleton (Crypt:2)
  A white draconian skeleton (Crypt:2)
  37 yaktaurs
  2 hydra zombies (Swamp:4)
  7 trolls
  2 tyrant leeches
  A red devil (Depths:2)
  7 guardian mummies (Crypt:2)
  A merfolk (shapeshifter) (Vaults:4)
  2 death drake zombies (Swamp:4)
  12 hornets
  2 bloated husks
  2 polar bears (Lair:3)
  A death drake skeleton (Swamp:4)
  A spectral guardian serpent (Snake:1)
  20 raiju
  17 blink frogs
  Prince Ribbit (D:5)
  A human simulacrum (Vaults:4)
  A blink frog (shapeshifter) (Snake:2)
  8 dream sheep (Lair:4)
  An iron dragon simulacrum (Abyss:3)
  19 slime creatures
  15 flying skulls
  25 large abominations
  An air elemental (Elf:1)
  2 shadows
  A jumping spider (shapeshifter) (D:15)
  Sigmund (D:5)
  2 water elementals (Elf:1)
  25 yaks
  6 ynoxinuls
  2 fire bats (Abyss:2)
  5 wraiths
  A hog (shapeshifter) (Elf:1)
  An alligator snapping turtle simulacrum (Abyss:3)
  5 basilisks
  4 fire elementals
  4 golden eyes (Abyss:3)
  A human (D:14)
  3 vampire mosquitoes (Swamp:2)
  2 steam dragons
  5 chaos spawn
  8 neqoxecs
  A golden eye (shapeshifter) (D:14)
  5 wargs
  11 swamp worms
  8 spatial vortices
  25 nagas
  Edmund (D:4)
  A glowing shapeshifter zombie (Vaults:4)
  4 hydra simulacra (Swamp:4)
  A deep troll skeleton (Crypt:2)
  14 water moccasins
  A water nymph skeleton (Crypt:1)
  3 hell hounds (D:15)
  An ice beast (D:5)
  Duvessa (D:6)
  24 orc warriors
  A demonspawn skeleton (Crypt:2)
  5 swamp drakes (Swamp:4)
  3 black bears
  An elf simulacrum (Vaults:4)
  A guardian serpent simulacrum (Snake:1)
  5 ogres
  2 swamp dragon zombies (Swamp:4)
  3 sky beasts
  2 black mamba simulacra (Snake:1)
  3 wolves (Lair:1)
  7 centaurs
  29 small abominations
  2 phantoms
  2 kobold brigands
  A yaktaur zombie (Crypt:1)
  Blork the orc (D:4)
  12 bullfrogs
  A gnoll sergeant (D:9)
  4 scorpions
  A human skeleton (Vaults:3)
  4 earth elementals
  10 wights
  Dowan (D:6)
  A spectral naga (Snake:1)
  5 killer bees (D:10)
  6 howler monkeys
  A lava snake (Lair:3)
  6 jellies
  2 wolf skeletons
  3 hounds (D:5)
  2 gnoll boudas
  21 orc priests
  4 iron imps (Abyss:3)
  29 starcursed masses (Abyss:3)
  Jessica (D:3)
  3 iguanas
  4 sleepcaps
  25 orc wizards
  3 hell rats (Lair:5)
  2 naga simulacra (Snake:1)
  A hound skeleton (Crypt:1)
  7 mummies
  16 gnolls
  7 adders
  3 white imps
  10 ufetubi
  3 worms
  A dart slug (D:1)
  70 orcs
  4 bats
  2 bat zombies (D:11)
  17 endoplasms
  6 giant cockroaches
  4 gnoll zombies (Ossuary)
  8 goblins
  7 hobgoblins
  5 jackals
  22 kobolds
  4 quokkas
  9 ball pythons
  3 frilled lizards
  3 gnoll skeletons (Ossuary)
  7 goblin skeletons (Ossuary)
  5 goblin zombies
  2 hobgoblin skeletons (Ossuary)
  4 hobgoblin zombies (Ossuary)
  A jackal skeleton (Crypt:2)
  7 kobold skeletons (Ossuary)
  4 kobold zombies (Ossuary)
  4 orc skeletons
  2 orc zombies
  6 rats
  A rat skeleton (Ossuary)
  8 rat zombies
  A river rat skeleton (Crypt:2)
  2 lurking horrors
  2 spectral weapons
  16 starspawn tentacles
1516 creatures vanquished.

Vanquished Creatures (collateral kills)
  A juggernaut (Abyss:3)
  A shard shrike skeleton (Crypt:1)
  6 liches
  4 ancient champions
  7 tentacled starspawn (Abyss:3)
  A thorn hunter (Swamp:4)
  3 nagarajas
  2 tengu reavers
  A fire giant (Depths:2)
  A frost giant (Depths:2)
  A spectral juggernaut (Crypt:2)
  A daeva (Abyss:3)
  6 vault wardens
  The ghost of Midn8 the Unseen, an adept KoEn of Jiyva (Snake:1)
  A balrug (Abyss:3)
  2 ghouls
  A cacodemon (Depths:2)
  A spriggan defender (D:15)
  A war gargoyle (Vaults:2)
  An orc warlord (Vaults:1)
  A formless jellyfish (Vaults:3)
  8 ironbound preservers
  A lorocyproca (Abyss:3)
  4 ironbound thunderhulks
  3 vampire knights
  2 eleionomae
  A stone giant (Depths:1)
  An ophan (Abyss:3)
  A deep elf demonologist (Elf:1)
  A bunyip (Swamp:4)
  5 dire elephants
  29 starcursed masses
  2 deep elf death magi
  2 eidola
  2 shambling mangroves (Swamp:4)
  A fire dragon (Depths:3)
  4 jiangshi
  A spectral spriggan (Crypt:2)
  2 mummy priests (Crypt:2)
  A great orb of eyes (Vaults:3)
  4 yaktaur captains
  2 hydras
  2 rakshasas
  A spectral iron giant (Crypt:2)
  3 vault guards
  An ice dragon (Depths:3)
  2 spriggan air magi
  An ogre mage (D:15)
  An anaconda (Snake:2)
  A catoblepas (Lair:2)
  4 ironbound frosthearts
  A centaur warrior (Vaults:1)
  An alligator (Swamp:2)
  A peacekeeper (Vaults:4)
  6 dancing weapons
  A boulder beetle (Vaults:2)
  A death yak (Lair:2)
  9 thrashing horrors
  2 tengu warriors
  A deep troll shaman (Depths:3)
  2 naga warriors
  A shock serpent (Snake:1)
  6 vampire magi
  3 deep troll earth magi
  2 hell hogs (Abyss:3)
  2 orc high priests (Orc:1)
  A sun demon (Abyss:3)
  2 spriggan berserkers (Depths:2)
  2 deep elf knights (Elf:1)
  4 skeletal warriors (Crypt:1)
  3 iron trolls
  3 wretched stars (Abyss:3)
  6 naga sharpshooters
  A salamander mystic (Snake:2)
  2 shadow wraiths
  A goliath frog (Swamp:2)
  A spatial maelstrom (Abyss:2)
  3 swamp dragons
  3 bog bodies
  27 deep trolls
  A naga ritualist (Snake:1)
  An obsidian statue (Crypt:2)
  2 glowing orange brains
  4 lindwurms
  2 ironbound convokers
  A deep elf zephyrmancer (Elf:1)
  5 wizards
  3 deep elf archers
  2 phantasmal warriors
  An orc sorcerer (D:14)
  2 will-o-the-wisps (Swamp:2)
  An oklob plant (Snake:4)
  A mana viper (Snake:2)
  7 ugly things
  8 large abominations (Abyss:3)
  2 orc knights
  2 necromancers (Vaults:4)
  A fire giant zombie (Vaults:3)
  A stone giant zombie (Vaults:3)
  A cyclops (D:12)
  A spectral ettin (Crypt:2)
  9 salamanders
  2 worldbinders (Abyss:3)
  7 black mambas
  2 spectral centaurs (Crypt:2)
  3 elephants
  3 vault sentinels
  5 smoke demons (Abyss:3)
  2 gargoyles
  3 naga magi
  3 guardian serpents (Snake:4)
  2 orange demons
  A yaktaur zombie (Vaults:4)
  2 tengu conjurers
  An unseen horror (D:12)
  9 ancient zymes
  A rime drake (Lair:2)
  8 yaktaurs
  3 guardian mummies
  2 komodo dragons
  2 freezing wraiths
  A shadow dragon simulacrum (Vaults:3)
  A meliai (shapeshifter) (Abyss:3)
  A spectral harpy (Crypt:2)
  A harpy zombie (Crypt:2)
  3 tyrant leeches
  A troll (Orc:2)
  A sphinx simulacrum (Vaults:4)
  7 hornets
  8 raiju (Abyss:3)
  7 blink frogs
  2 dream sheep (Lair:4)
  A human simulacrum (Vaults:2)
  An ettin zombie (Abyss:3)
  2 flying skulls (Crypt:1)
  8 slime creatures
  An air elemental (Elf:1)
  8 spriggans
  A wraith (D:11)
  An ettin skeleton (Vaults:4)
  6 yaks
  A vampire (D:14)
  A basilisk (Lair:5)
  3 hogs (Elf:1)
  2 ynoxinuls
  A fire elemental (D:15)
  A fire bat (Abyss:3)
  4 chaos spawn
  A neqoxec (Abyss:3)
  3 vampire mosquitoes
  Menkaure (Ossuary)
  A spatial vortex (Abyss:3)
  4 swamp worms
  6 nagas
  A water moccasin (Lair:1)
  A warg (Orc:1)
  A hydra simulacrum (Swamp:4)
  2 hell hounds (D:15)
  2 swamp dragon zombies (Swamp:4)
  A swamp drake (Swamp:4)
  6 orc warriors
  A wolf (Lair:1)
  7 small abominations (Abyss:3)
  An elf simulacrum (Vaults:2)
  2 bullfrogs
  An earth elemental (Elf:2)
  A yak zombie (Crypt:2)
  A killer bee (D:10)
  A lava snake (Lair:3)
  A salamander simulacrum (Snake:1)
  3 quasits
  7 orc priests
  A human skeleton (Crypt:1)
  11 orc wizards
  2 hell rats (Lair:5)
  3 naga zombies
  5 mummies
  An ufetubus (Abyss:3)
  15 orcs
  2 endoplasms (Lair:2)
  A gnoll zombie (Ossuary)
  A hobgoblin skeleton (Ossuary)
  A hobgoblin zombie (Ossuary)
  A rat skeleton (Ossuary)
  A rat zombie (Ossuary)
  2 starspawn tentacles (Abyss:3)
532 creatures vanquished.

Vanquished Creatures (others)
  A spriggan berserker (Depths:1)
  A deep elf knight (Elf:2)
  A deep elf zephyrmancer (Elf:2)
  3 humans (Elf:1)
  A swamp drake (Swamp:4)
  A scorpion (D:6)
  A jelly (D:6)
  54 battlemagi
  An orc zombie (Orc:2)
  An orc (D:6)
  8 foxfires (Swamp:2)
  2 lurking horrors (Abyss:3)
  37 starspawn tentacles
112 creatures vanquished.

Grand Total: 2160 creatures vanquished

Notes
Turn   | Place    | Note
-------+----------+-------------------------------------------
     0 | D:1      | CornPuffBuddha the Minotaur Hunter began the quest for the
                  | Orb.
     0 | D:1      | Reached XP level 1. HP: 18/18 MP: 0/0
   282 | D:1      | Reached XP level 2. HP: 25/25 MP: 1/1
   320 | D:1      | Reached skill level 5 in Ranged Weapons
   753 | D:2      | Reached XP level 3. HP: 30/30 MP: 2/2
  1447 | D:3      | Reached XP level 4. HP: 37/37 MP: 3/3
  1581 | D:3      | Found a burning altar of Makhleb.
  1656 | D:3      | Noticed Jessica
  1658 | D:3      | Killed Jessica
  2205 | D:4      | Found a shadowy altar of Dithmenos.
  2206 | D:4      | Noticed a black bear
  2226 | D:4      | Killed a black bear
  2227 | D:4      | Reached XP level 5. HP: 25/42 MP: 4/4
  2359 | D:4      | Found a basalt altar of Yredelemnul.
  2401 | D:4      | Noticed a black bear
  2424 | D:4      | Killed a black bear
  2425 | D:4      | Reached XP level 6. HP: 18/50 MP: 5/5
  2859 | D:4      | Upgraded the game from 0.31-a0-7-g51783674b7 to
                  | 0.31-a0-8-gd14b0f4ee2
  2899 | D:4      | Noticed Blork the orc
  2900 | D:4      | Noticed Edmund
  2904 | D:4      | Upgraded the game from 0.31-a0-8-gd14b0f4ee2 to
                  | 0.31-a0-102-g33a4ccc0cb
  2909 | D:4      | Killed Blork the orc
  2910 | D:4      | Reached XP level 7. HP: 49/56 MP: 6/6
  2924 | D:4      | Killed Edmund
  3358 | D:5      | Entered Level 5 of the Dungeon
  3374 | D:5      | Reached skill level 10 in Ranged Weapons
  3572 | D:5      | Noticed Sigmund
  3581 | D:5      | Killed Sigmund
  3582 | D:5      | Reached XP level 8. HP: 55/62 MP: 7/7
  3677 | D:5      | Found a shimmering blue altar of Sif Muna.
  3789 | D:5      | Found Tinax's Jewellery Shoppe.
  3948 | D:5      | Noticed a moth of wrath
  3950 | D:5      | Noticed Prince Ribbit
  3959 | D:5      | Killed Prince Ribbit
  3967 | D:5      | Found a bloodstained altar of Trog.
  4179 | D:5      | Found a hazy altar of Hepliaklqana.
  4519 | D:5      | Upgraded the game from 0.31-a0-102-g33a4ccc0cb to
                  | 0.31-a0-115-g4708a659fe
  4676 | D:6      | Reached XP level 9. HP: 68/68 MP: 8/8
  5134 | D:6      | Found Tuusaes's Jewellery Shop.
  5135 | D:6      | Noticed Duvessa
  5135 | D:6      | Noticed Dowan
  5146 | D:6      | Killed Duvessa
  5153 | D:6      | Killed Dowan
  5427 | D:6      | Found a staircase to the Ecumenical Temple.
  5447 | Temple   | Entered the Ecumenical Temple
  5733 | D:5      | Became a worshipper of Hepliaklqana the Forgotten
  5734 | D:5      | Upgraded the game from 0.31-a0-115-g4708a659fe to
                  | 0.31-a0-188-g5e087ee2ca
  6319 | D:7      | Reached * piety under Hepliaklqana
  6476 | D:7      | Found an iron altar of Okawaru.
  6584 | D:8      | Reached skill level 15 in Ranged Weapons
  6692 | D:8      | Found a broken altar of Ashenzari.
  6856 | D:8      | Found a sand-covered staircase.
  6865 | Ossuary  | Entered an ossuary
  7160 | Ossuary  | Noticed Menkaure
  7164 | Ossuary  | Killed Menkaure
  7168 | Ossuary  | Reached XP level 10. HP: 66/66 MP: 9/9
  7342 | D:8      | Reached ** piety under Hepliaklqana
  7343 | D:8      | Remembered your ancestor BIGCHUGS as a battlemage
  7384 | D:8      | Found Rimit's Book Shoppe.
  7522 | D:8      | Found a white marble altar of Elyvilon.
  7922 | D:9      | Reached skill level 5 in Fighting
  8043 | D:9      | Found a sacrificial altar of Ru.
  8043 | D:9      | Found an ornate altar of the Wu Jian Council.
  8313 | D:9      | Noticed a red ugly thing
  8322 | D:9      | Killed a red ugly thing
  8815 | D:10     | Entered Level 10 of the Dungeon
  8873 | D:10     | Noticed a gargoyle
  8878 | D:10     | Killed a gargoyle
  9001 | D:10     | Noticed a two-headed ogre
  9005 | D:10     | Killed a two-headed ogre
  9064 | D:10     | Reached *** piety under Hepliaklqana
  9078 | D:10     | Found a staircase to the Lair.
  9084 | D:10     | Reached skill level 10 in Fighting
  9442 | D:10     | Reached XP level 11. HP: 86/91 MP: 10/10
  9625 | D:10     | Found a staircase to the Orcish Mines.
 10252 | D:11     | Reached **** piety under Hepliaklqana
 10513 | D:11     | Found a flickering gateway to a bazaar.
 10543 | Bazaar   | Entered a bazaar
 10543 | Bazaar   | Found Woulonn's Weapon Shoppe.
 10543 | Bazaar   | Found Iruezosm's Distillery.
 10543 | Bazaar   | Found Getoskuf's Antique Armour Shoppe.
 10543 | Bazaar   | Found Neejusy's Antique Weapon Shop.
 10546 | Bazaar   | Found Tigap's Magic Scroll Emporium.
 10546 | Bazaar   | Found Imommoutz's Jewellery Shop.
 10574 | Bazaar   | Bought a pair of steaming boots for 256 gold pieces
 10574 | Bazaar   | Identified the +0 pair of boots of the Six Planets {Rampage
                  | *Corrode rN+} (You bought it in a shop in a bazaar)
 10577 | Bazaar   | Bought 3 scrolls of identify for 60 gold pieces
 10577 | Bazaar   | Bought a scroll of identify for 20 gold pieces
 10577 | Bazaar   | Bought a scroll of fear for 40 gold pieces
 10585 | Bazaar   | Bought a scroll of silence for 95 gold pieces
 10599 | Bazaar   | Bought a runed orcbow for 117 gold pieces
 10775 | D:11     | Found an ancient bone altar of Kikubaaqudgha.
 11007 | Lair:1   | Entered Level 1 of the Lair of Beasts
 11153 | Lair:1   | Reached skill level 5 in Dodging
 11412 | Lair:1   | Reached ***** piety under Hepliaklqana
 11758 | Lair:2   | Noticed a bog body
 11758 | Lair:2   | Noticed a death yak
 11758 | Lair:2   | Noticed a catoblepas
 11758 | Lair:2   | Found a staircase to the Swamp.
 11945 | Lair:2   | Killed a catoblepas
 12050 | Lair:2   | Reached XP level 12. HP: 100/106 MP: 11/11
 12110 | Lair:2   | Noticed a death yak
 12113 | Lair:2   | Noticed a death yak
 12116 | Lair:2   | Killed a death yak
 12124 | Lair:2   | Killed a death yak
 12134 | Lair:2   | Killed a death yak
 12135 | Lair:2   | Reached skill level 15 in Fighting
 12711 | Lair:3   | Found a staircase to the Snake Pit.
 13404 | Lair:4   | Noticed a catoblepas
 13410 | Lair:4   | Killed a catoblepas
 13411 | Lair:4   | Reached XP level 13. HP: 119/119 MP: 12/12
 13448 | Lair:4   | Reached skill level 10 in Dodging
 14048 | Lair:4   | Identified the +2 robe "Pimarch" {rElec Regen+ Str-3 SInv}
 14426 | Lair:5   | Entered Level 5 of the Lair of Beasts
 15260 | Lair:5   | Found a corrupted altar of Lugonu.
 15260 | Lair:5   | Found a one-way gate to the infinite horrors of the Abyss.
 15490 | Lair:5   | Identified the staff of the Witching Mosquito {rPois rF+
                  | Will- Necro Poison}
 15895 | Lair:5   | Found a staircase to the Slime Pits.
 15985 | Lair:5   | Reached XP level 14. HP: 133/133 MP: 13/13
 17688 | D:13     | Reached ****** piety under Hepliaklqana
 18801 | D:14     | Found a gate to the Vaults.
 18820 | D:14     | Reached skill level 15 in Dodging
 19106 | D:14     | Reached skill level 1 in Throwing
 19551 | D:15     | Entered Level 15 of the Dungeon
 19570 | D:15     | Identified the +3 flail "String" {drain, rElec Int+3}
 19591 | D:15     | Found a staircase to the Depths.
 19591 | D:15     | Noticed a stone giant
 19598 | D:15     | Killed a stone giant
 19778 | D:15     | Noticed Azrael
 19797 | D:15     | Killed Azrael
 20286 | D:15     | Reached XP level 15. HP: 140/140 MP: 14/14
 20481 | Orc:1    | Entered Level 1 of the Orcish Mines
 20491 | Orc:1    | Found Zaec's Distillery.
 20519 | Orc:1    | Bought a potion of heal wounds for 70 gold pieces
 20644 | Orc:1    | Found Esosk's Assorted Antiques.
 20731 | Orc:1    | Found Emexif's Magic Scroll Boutique.
 20993 | Orc:1    | Found a runed translucent door.
 21038 | Orc:1    | Upgraded the game from 0.31-a0-188-g5e087ee2ca to
                  | 0.31-a0-196-g86fe4a5e66
 21091 | Orc:2    | Entered Level 2 of the Orcish Mines
 21312 | Orc:2    | Paralysed by an orc sorcerer for 3 turns
 21364 | Orc:2    | Found Koadgh's Armour Emporium.
 21370 | Orc:2    | Found Ezuplevo's Distillery.
 21371 | Orc:2    | Found Nudoi's Antique Armour Shoppe.
 21416 | Orc:2    | Found Joddux's Jewellery Shoppe.
 21555 | Orc:2    | Found a staircase to the Elven Halls.
 21939 | Swamp:1  | Entered Level 1 of the Swamp
 22703 | Swamp:2  | Reached skill level 5 in Throwing
 23060 | Swamp:2  | Noticed Aizul
 23076 | Swamp:2  | Killed Aizul
 23263 | Swamp:2  | Identified Roxanne's Monograph on Changes
 23263 | Swamp:2  | Noticed Roxanne
 23431 | Swamp:3  | Reached skill level 1 in Invocations
 23741 | Swamp:3  | Identified the +0 leather armour "Yrphew Alow" {rCorr
                  | Int+5}
 24021 | Swamp:4  | Entered Level 4 of the Swamp
 24110 | Swamp:4  | Noticed a thorn hunter
 24117 | Swamp:4  | Killed a thorn hunter
 24135 | Swamp:4  | Reached XP level 16. HP: 139/150 MP: 17/17
 24269 | Swamp:4  | Identified the +2 scale mail "Trusted Companion" {Str+3
                  | Dex+2}
 24368 | Swamp:4  | Found a basalt altar of Yredelemnul.
 24373 | Swamp:4  | Got a decaying rune of Zot
 24396 | Swamp:4  | Upgraded the game from 0.31-a0-196-g86fe4a5e66 to
                  | 0.31-a0-202-g547052bce9
 24407 | Swamp:4  | Reached skill level 5 in Invocations
 24964 | Swamp:4  | Found a blossoming altar of Fedhas.
 25254 | Snake:1  | Entered Level 1 of the Snake Pit
 25877 | Snake:1  | Found a runed translucent gate.
 26104 | Snake:1  | Found a runed translucent gate.
 26105 | Snake:1  | Found a runed translucent gate.
 26105 | Snake:1  | Identified a scroll of acquirement
 26106 | Snake:1  | Noticed Midn8's ghost (adept KoEn)
 26431 | Snake:1  | Found Zemiv's Weapon Emporium.
 26432 | Snake:1  | Found Zudan's Assorted Antiques.
 26435 | Snake:1  | Found Xoedih's Magic Scroll Emporium.
 26436 | Snake:1  | Found Viubosh's General Store.
 26453 | Snake:1  | Bought a scroll of blinking for 127 gold pieces
 26457 | Snake:1  | Bought 2 scrolls of fear for 112 gold pieces
 26457 | Snake:1  | Bought a scroll of enchant armour for 105 gold pieces
 26457 | Snake:1  | Bought a potion of heal wounds for 70 gold pieces
 26461 | Snake:1  | Bought a potion of heal wounds for 135 gold pieces
 26461 | Snake:1  | Bought a wavering pewter ring for 135 gold pieces
 26461 | Snake:1  | Identified the ring "Cuafown" {rPois Stlth+} (You bought it
                  | in a shop on level 1 of the Snake Pit)
 26804 | Snake:1  | Killed Midn8's ghost
 26838 | Snake:1  | Acquired 1114 gold pieces
 26894 | Snake:2  | Found an opulent altar of Gozag.
 26895 | Snake:2  | Upgraded the game from 0.31-a0-202-g547052bce9 to
                  | 0.31-a0-204-g7da18cac08
 26989 | Snake:2  | Reached XP level 17. HP: 161/161 MP: 22/22
 28385 | Snake:3  | Identified the +1 leather armour of Bedevilment {Will+}
 29139 | Snake:4  | Entered Level 4 of the Snake Pit
 29359 | Snake:4  | Found a stormy altar of Qazlal.
 29955 | Snake:4  | Got a serpentine rune of Zot
 30855 | Elf:1    | Entered Level 1 of the Elven Halls
 30962 | Elf:1    | Paralysed by an air elemental for 1 turns
 30994 | Elf:1    | Noticed Kirke
 30999 | Elf:1    | Killed Kirke
 31000 | Elf:1    | Reached XP level 18. HP: 159/176 MP: 23/23
 31153 | Abyss:2  | Cast into level 2 of the Abyss (a deep elf demonologist)
 31284 | Abyss:2  | Found a corrupted altar of Lugonu.
 31857 | Elf:1    | Escaped the Abyss
 31864 | Elf:1    | Reached skill level 27 in Fighting
 32353 | Elf:1    | Found a radiant altar of Vehumet.
 32630 | Elf:1    | Paralysed by an air elemental for 1 turns
 32706 | Elf:2    | Identified the +3 ring mail of Verdant Liberty {rF+}
 33268 | Elf:2    | Found a runed translucent gate.
 33268 | Elf:2    | Found a runed translucent gate.
 33268 | Elf:2    | Found a runed translucent gate.
 33403 | Elf:2    | Gained mutation: You occasionally lose the ability to read
                  | scrolls when taking damage. [a neqoxec]
 33422 | Elf:2    | Found Jueghi Neute's Armour Shop.
 34086 | Vaults:1 | Entered Level 1 of the Vaults
 34199 | Abyss:2  | Cast into level 2 of the Abyss (a wizard)
 34459 | Abyss:2  | Reached XP level 19. HP: 182/186 MP: 24/24
 34623 | Abyss:3  | Gained mutation: You are weak. (Str -2) [a neqoxec]
 34725 | Abyss:3  | Acquired 955 gold pieces
 34727 | Abyss:3  | Lost mutation: You sometimes lose the ability to read
                  | scrolls when taking damage. [potion of mutation]
 34727 | Abyss:3  | Lost mutation: You are very weak. (Str -4) [potion of
                  | mutation]
 34727 | Abyss:3  | Gained mutation: You are somewhat resistant to further
                  | mutation. [potion of mutation]
 35012 | Abyss:3  | Paralysed by accursed screaming for 1 turns
 35018 | Abyss:3  | Paralysed by accursed screaming for 2 turns
 35022 | Abyss:3  | Paralysed by accursed screaming for 2 turns
 35149 | Abyss:3  | Upgraded the game from 0.31-a0-204-g7da18cac08 to
                  | 0.31-a0-208-gdb31a4691d
 35164 | Vaults:1 | Escaped the Abyss
 35572 | Vaults:1 | Found Alua's Magic Scroll Boutique.
 35995 | Vaults:1 | Found a runed translucent door.
 35997 | Vaults:1 | Noticed Lance11888's ghost (adept OpDe)
 36635 | Vaults:1 | Killed Lance11888's ghost
 37111 | Vaults:2 | Noticed Mara
 37112 | Vaults:2 | Noticed CornPuffBuddha's illusion
 37135 | Vaults:2 | Killed Mara
 37304 | Vaults:2 | Reached XP level 20. HP: 194/194 MP: 25/25
 37875 | Vaults:2 | Found a staircase to the Crypt.
 38483 | Vaults:3 | You fall into a shaft and drop 1 floor!
 38646 | Vaults:3 | Found Iras's Weapon Shoppe.
 39459 | Vaults:3 | Identified the +1 robe of the Untouchables {rElec rF+
                  | Int+3}
 39487 | Vaults:3 | Identified the +1 robe of Virtue {Regen+}
 39570 | Vaults:3 | Identified the +1 hat of the Vacuum {rN+ Slay+5}
 39592 | Vaults:3 | Found a radiant altar of Vehumet.
 39783 | Vaults:4 | Identified the +2 robe of the Charmed God {rPois Regen+
                  | SInv}
 39858 | Vaults:4 | Noticed rabbitsville's ghost (adept HOFi)
 39858 | Vaults:4 | Identified the +3 great mace of the Hidden Nightmares
                  | {elec, Will+ Str-3 Int+3}
 39859 | Vaults:4 | Found a transporter.
 39861 | Vaults:4 | Found a transporter.
 40134 | Vaults:4 | Reached XP level 21. HP: 201/201 MP: 26/26
 40350 | Vaults:4 | Reached skill level 27 in Dodging
 40350 | Vaults:4 | Upgraded the game from 0.31-a0-208-gdb31a4691d to
                  | 0.31-a0-210-gccc998df9b
 40352 | Vaults:4 | Reached skill level 1 in Evocations
 40949 | Depths:1 | Entered Level 1 of the Depths
 40951 | Depths:1 | Noticed the Enchantress
 40956 | D:15     | Reached skill level 1 in Armour
 41298 | Lair:5   | Voluntarily entered the Abyss.
 41306 | Abyss:3  | Found a shimmering blue altar of Sif Muna.
 41322 | Abyss:3  | Found a shimmering blue altar of Sif Muna.
 41378 | Abyss:3  | Found a runed translucent door.
 41389 | Abyss:3  | Reached skill level 5 in Armour
 41423 | Abyss:3  | Found a runed translucent door.
 41510 | Abyss:3  | Lost mutation: You are somewhat resistant to further
                  | mutation. [potion of mutation]
 41510 | Abyss:3  | Gained mutation: You are robust. (+10% HP) [potion of
                  | mutation]
 41510 | Abyss:3  | Lost mutation: You are robust. (+10% HP) [potion of
                  | mutation]
 41510 | Abyss:3  | Gained mutation: You have a pair of large horns on your
                  | head. [potion of mutation]
 41511 | Abyss:3  | Lost mutation: You have a pair of large horns on your head.
                  | [potion of mutation]
 41511 | Abyss:3  | Gained mutation: You expend magic power (3 MP) to
                  | strengthen your wands. [potion of mutation]
 41517 | Abyss:3  | Lost mutation: You expend magic power (3 MP) to strengthen
                  | your wands. [potion of mutation]
 41517 | Abyss:3  | Gained mutation: You have a pair of large horns on your
                  | head. [potion of mutation]
 41518 | Abyss:3  | Lost mutation: You have a pair of large horns on your head.
                  | [potion of mutation]
 41518 | Abyss:3  | Gained mutation: Your mind is acute. (Int +4, Str/Dex -1)
                  | [potion of mutation]
 41518 | Abyss:3  | Gained mutation: You are weak. (Str -2) [potion of
                  | mutation]
 41518 | Abyss:3  | Gained mutation: You are robust. (+10% HP) [potion of
                  | mutation]
 41937 | Abyss:3  | Paralysed by accursed screaming for 1 turns
 41945 | Abyss:3  | Paralysed by accursed screaming for 2 turns
 41948 | Abyss:3  | Reached skill level 10 in Armour
 41964 | Abyss:3  | Gained mutation: You are occasionally teleported next to
                  | monsters. [a neqoxec]
 41997 | Abyss:3  | Lost mutation: Your mind is acute. (Int +4, Str/Dex -1)
                  | [potion of mutation]
 41997 | Abyss:3  | Lost mutation: You are robust. (+10% HP) [potion of
                  | mutation]
 41997 | Abyss:3  | Gained mutation: You have a somewhat thin skeletal
                  | structure. (Dex +2, Stealth+) [potion of mutation]
 41997 | Abyss:3  | Gained mutation: You possess an exceptional clarity of
                  | mind. [potion of mutation]
 42020 | Abyss:3  | Lost mutation: You are occasionally teleported next to
                  | monsters. [potion of mutation]
 42020 | Abyss:3  | Lost mutation: You are weak. (Str -2) [potion of mutation]
 42020 | Abyss:3  | Lost mutation: You possess an exceptional clarity of mind.
                  | [potion of mutation]
 42020 | Abyss:3  | Gained mutation: Your muscles are strong. (Str +4, Int/Dex
                  | -1) [potion of mutation]
 42021 | Abyss:3  | Lost mutation: You have a somewhat thin skeletal structure.
                  | (Dex +2, Stealth+) [potion of mutation]
 42021 | Abyss:3  | Lost mutation: Your muscles are strong. (Str +4, Int/Dex
                  | -1) [potion of mutation]
 42021 | Abyss:3  | Gained mutation: Your flesh is heat resistant. (rF+)
                  | [potion of mutation]
 42021 | Abyss:3  | Gained mutation: Your magical capacity is low. (-10% MP)
                  | [potion of mutation]
 42021 | Abyss:3  | Gained mutation: You have sharp toenails. [potion of
                  | mutation]
 42175 | Abyss:3  | Found a corrupted altar of Lugonu.
 42301 | Abyss:3  | Gained mutation: Your magical capacity is very low. (-20%
                  | MP) [a neqoxec]
 42360 | Abyss:3  | Found a glowing golden altar of the Shining One.
 42397 | Abyss:3  | Noticed a juggernaut
 42403 | Abyss:3  | Killed a juggernaut
 42408 | Abyss:3  | Got an abyssal rune of Zot
 42412 | Abyss:3  | Found a glowing golden altar of the Shining One.
 42491 | Abyss:3  | Gained mutation: Your body sometimes deteriorates upon
                  | taking damage. [a neqoxec]
 42503 | Abyss:3  | Gained mutation: You are frail. (-10% HP) [a neqoxec]
 42522 | Abyss:3  | Reached XP level 22. HP: 170/186 MP: 21/21
 42594 | Lair:5   | Escaped the Abyss
 42986 | Crypt:1  | Entered Level 1 of the Crypt
 43240 | Crypt:1  | Paralysed by a vampire knight for 2 turns
 43249 | Crypt:1  | Reached skill level 15 in Armour
 43400 | Crypt:1  | Identified the +2 scale mail "Toank" {Contam Rampage rF+
                  | rN+}
 44817 | Crypt:2  | Noticed a royal mummy
 45001 | Crypt:2  | Killed a royal mummy
 45543 | Orc:1    | Bought a potion of mutation for 112 gold pieces
 45543 | Orc:1    | Bought a potion of curing for 42 gold pieces
 45543 | Orc:1    | Bought a potion of curing for 42 gold pieces
 45543 | Orc:1    | Bought a potion of curing for 42 gold pieces
 45543 | Orc:1    | Bought a potion of curing for 42 gold pieces
 45543 | Orc:1    | Lost mutation: Your magical capacity is very low. (-20% MP)
                  | [potion of mutation]
 45543 | Orc:1    | Lost mutation: You have sharp toenails. [potion of
                  | mutation]
 45543 | Orc:1    | Lost mutation: Your flesh is heat resistant. (rF+) [potion
                  | of mutation]
 45543 | Orc:1    | Gained mutation: Armour fits poorly on your strangely
                  | shaped body. [potion of mutation]
 45543 | Orc:1    | Gained mutation: You are strong-willed. (Will+) [potion of
                  | mutation]
 45543 | Orc:1    | Gained mutation: You have sharp fingernails. [potion of
                  | mutation]
 45543 | Orc:1    | Gained mutation: Your movements are slightly less
                  | encumbered by armour. (ER -2) [potion of mutation]
 45544 | Orc:1    | Lost mutation: Your movements are slightly less encumbered
                  | by armour. (ER -2) [potion of mutation]
 45544 | Orc:1    | Lost mutation: You are frail. (-10% HP) [potion of
                  | mutation]
 45544 | Orc:1    | Gained mutation: You expend magic power (3 MP) to
                  | strengthen your wands. [potion of mutation]
 45854 | D:15     | Killed the Enchantress
 46087 | Depths:1 | Found Fearanie's Distillery.
 46091 | Depths:1 | Found Cibborgh's Assorted Antiques.
 46092 | Depths:1 | Found Diosk's Armour Boutique.
 46097 | Depths:1 | Bought a potion of invisibility for 152 gold pieces
 46097 | Depths:1 | Bought a potion of haste for 190 gold pieces
 46097 | Depths:1 | Bought a potion of haste for 190 gold pieces
 46097 | Depths:1 | Bought 2 potions of haste for 380 gold pieces
 46112 | Depths:1 | Bought a scroll of enchant weapon for 195 gold pieces
 46200 | Depths:1 | Found a one-way gateway to a ziggurat.
 46287 | Depths:1 | Found a gateway to Hell.
 46323 | Depths:1 | Found a sparkling altar of Nemelex Xobeh.
 46385 | Depths:1 | You fall into a shaft and drop 1 floor!
 46425 | Depths:2 | Found a one-way gate leading to the halls of Pandemonium.
 46808 | Depths:1 | Reached XP level 23. HP: 185/216 MP: 25/25
 46819 | Depths:1 | Got the Collected Works on Execration
 47419 | Depths:2 | Noticed Nikola
 47427 | Depths:2 | Killed Nikola
 48197 | Depths:3 | Got the Book of the Plutonic Tesseract
 48224 | Depths:3 | Found a shimmering blue altar of Sif Muna.
 48280 | Depths:3 | Identified the ring of Toraru {rF- rCorr EV+5 Str+5}
 48320 | Depths:3 | Noticed a dread lich
 48325 | Depths:3 | Noticed a dread lich
 48331 | Depths:3 | Killed a dread lich
 48337 | Depths:3 | Demolished by an Ice Fiend

Illustrated notes

Levels and vault maps discovered:
D:1:      minmay_arrival_jagged, layout_loops_ring
D:2:      layout_loops_cross, minivault_5, minmay_pentomino_w2
D:3:      layout_basic, nicolae_overflow_crystal_walls, hangedman_decor_points,
          uniq_jessica
D:4:      layout_loops_cross, grunt_dithmenos_smoke, yredelemnul_altar_generic,
          uniq_edmund, uniq_blork_the_orc
D:5:      nicolae_BIG_FREAKIN_CUBE, layout_loops_corners, tgw_trog,
          old_standard_altar, tgw_sif, serial_shops,
          nicolae_shop_tiny_real_fake_doors, grunt_ministairs_6, uniq_sigmund,
          uniq_prince_ribbit1
D:6:      layout_cave_pods, lemuel_temple_firewalk_b, serial_shops, shop,
          uniq_duvessa
D:7:      layout_cave_pools, lemuel_coloured_pillars_altar,
          chequers_serial_rivers_room_b
D:8:      layout_rooms, mainiacjoe_overflow_24_doors, lemuel_doored_altar,
          nicolae_ossuary_entry_giza, serial_shops, shop_fountains
D:9:      layout_basic, amethyst_overflow_temple_binary, chequers_mini_garden
D:10:     layout_stronghold, erik_lair_orcish_takeover, hiddenorc2_lemuel,
          kennysheep_small_circle
D:11:     layout_roguey, serial_shops, bzr_entry_customers,
          lemuel_zombie_altar_kikubaaqudgha
D:12:     layout_rooms, nicolae_zen_rock_garden
D:13:     layout_stronghold, hex_tiny, minivault_4
D:14:     layout_loops_ring, grunt_vaults_entry_fortified,
          hangedman_abyss_or_decor_passed, serial_aquarium,
          aquarium_bridge_square [aquarium_subvault_bridge,
          aquarium_subvault_wall, aquarium_subvault_bridge,
          aquarium_subvault_wall], aquarium_window_corridor_2,
          aquarium_window_fake, aquarium_view_2e, aquarium_pool_2
D:15:     grunt_enter_depths_snipers, layout_rooms,
          chequers_serial_rivers_large_a, uniq_azrael
Temple:   nicolae_temple_bog_church
Lair:1:   layout_gridlike, chequers_serial_rivers_small_a
Lair:2:   lemuel_slime, layout_misc_corridors, skrybe_swamp_entry_bodies
Lair:3:   layout_loops_ring, nicolae_snake_entry_warm_welcome,
          grunt_megastairs_4
Lair:4:   layout_cave_pods, grunt_megastairs_1
Lair:5:   hellmonk_lair_end_abyssal_woods, layout_layer_cave,
          dpeg_slime_entry_enclosed, serial_rivers,
          chequers_serial_rivers_small_b, chequers_serial_rivers_large_b,
          chequers_serial_rivers_room_b, chequers_serial_rivers_micro_c,
          chequers_serial_rivers_small_3, chequers_serial_rivers_room_a
Swamp:1:  layout_basic_swamp, hangedman_swamp_ruin_wall
Swamp:2:  layout_basic_swamp, evilmike_swamp_ruin_rubble_2, uniq_aizul,
          uniq_roxanne
Swamp:3:  layout_basic_swamp, nicolae_swamp_triple_paths
Swamp:4:  byrel_swamp_growth_death_and_undeath, layout_basic_swamp, swamp_pool5
Snake:1:  nicolae_snake_crotalidae_crossing, layout_chambers,
          gammafunk_ghost_necromancy, minmay_shop_grid_forest,
          nicolae_coiled_stairwell_down
Snake:2:  layout_honeycomb, basic_altar
Snake:3:  layout_cave_town, serial_bayou_shore_b, lemuel_fruit_tree,
          nicolae_integral_box
Snake:4:  grunt_snake_rune_spirals, layout_onion, lemuel_oklob_altar
Orc:1:    dreamdust_dug_too_deep, layout_caves, serial_shops, shop,
          guppyfry_orc_lava_fort
Orc:2:    st_orc_mages, layout_diamond_mine
Elf:1:    layout_gridlike, basic_altar, minivault_28, uniq_kirke
Elf:2:    nicolae_elf_blades_splatter_lattice [nicolae_blade_bullseye],
          layout_loops_cross, serial_shops, shop
Vaults:1: ebering_ghost_reflecting_pool, nicolae_vaults_heart-shaped_vault,
          hangedman_vaults_unwind, hangedman_vaults_restitches,
          nicolae_vaults_hexular_roomagon, nicolae_vaults_tangram_1,
          vaults_dpeg_spiral, nicolae_vaults_closet_pinwheel_5,
          layout_vaults_big_room, serial_shops, shop
Vaults:2: serial_ice_b, nicolae_vaults_tangram_2,
          minmay_crypt_entry_simple_plaza, ontoclasm_vaults_gallery,
          nicolae_vaults_tangram_1, ontoclasm_vaults_decontamination,
          ontoclasm_vaults_hangar, vaults_standard_mumra_x,
          nicolae_vaults_windows_and_doors_thing, vaults_room_corners,
          layout_vaults_omnigrid, uniq_mara
Vaults:3: ontoclasm_vaults_spin, grunt_tower_of_power, nicolae_vaults_six-pack,
          nicolae_vaults_storage_closets_2, nicolae_vaults_frosty_reception,
          vaults_dpeg_encased_lava, nicolae_vaults_oval_intersection,
          nicolae_vaults_circle_grid_a, v_misc_27, nicolae_vaults_back_hallway,
          v_misc_3, v_misc_25, nicolae_vaults_trapezoid_2,
          layout_vaults_maze_bifur, serial_shops, shop
Vaults:4: gammafunk_ghost_smash, ontoclasm_vaults_ring_small,
          nicolae_vaults_big_angled_halls, nicolae_vaults_two_Ls,
          nicolae_vaults_wrenched, ontoclasm_vaults_fault,
          nicolae_vaults_little_squares_4, nicolae_vaults_storage_room_water,
          v_misc_31, hangedman_vaults_river_flow, nicolae_vaults_turnstiles,
          vaults_room_stairs_pillars, nicolae_vaults_apartment_1, v_rooms_5,
          hangedman_vaults_cutoff, nicolae_vaults_double_plus_2,
          nicolae_vaults_storage_room_glass, layout_vaults_omnibox
Crypt:1:  layout_basic, grunt_crypt_arrival_guarded_gate
Crypt:2:  lemuel_minitomb, layout_misc_corridors
Depths:1: layout_big_octagon, enter_ziggurat_f, nemelex_lonely_heart_becter,
          hell_entry, kennysheep_generic_room_7, minmay_shop_star,
          uniq_enchantress
Depths:2: lemuel_troll_bridge, layout_gridlike, nicolae_elevator_lobby_asterisk,
          rand_demon_pan_entry_5, hell_entry, uniq_nikola
Depths:3: evilmike_library_of_no_secrets, layout_cave_shapes,
          abyss_entry_small_statue_room, grunt_hell_entry_dis_grunt,
          nrook_pool_corridor, serial_shops, shop, infiniplex_staircase_pool_2,
          minmay_shop_grove, uniq_xtahua, uniq_frederick

Skill      XL: |  1  2  3  4  5  6  7  8  9 10 11 12 13 14 15 16 17 18 19 20 21 22 23 |
---------------+----------------------------------------------------------------------+-----
Ranged Weapons | 5 6 7 8 9 11 13 15 16 18 21 23 | 23.2
Fighting       | 11 14 17 20 21 23 25 27 | 27.0
Dodging        | 6 9 11 15 16 17 20 23 26 27 | 27.0
Throwing       | 3 6 |  6.0
Invocations    | 3 8 |  8.0
Evocations     | 4 |  4.0
Armour         | 13 15 | 15.0
Stealth        | |  0.7

Action                     |  1- 3 |  4- 6 |  7- 9 | 10-12 | 13-15 | 16-18 | 19-21 | 22-24 || total
---------------------------+-------+-------+-------+-------+-------+-------+-------+-------++-------
   Fire: Shortbow          |    88 |   149 |    90 |       |       |       |       |       ||   327
         Orcbow            |       |       |   360 |   630 |   563 |       |       |       ||  1553
         Arbalest          |       |       |       |       |   474 |  1217 |  1341 |   658 ||  3690
  Throw: Throwing net      |       |       |     2 |       |       |       |       |       ||     2
 Invoke: Ancestor Identity |       |       |     1 |       |       |     1 |       |       ||     2
         Ancestor Life: Ba |       |       |       |     1 |       |       |       |       ||     1
         Recall Ancestor   |       |       |       |       |     1 |     1 |     7 |     4 ||    13
         Idealise          |       |       |       |       |       |    10 |    17 |     3 ||    30
         Transference      |       |       |       |       |       |     1 |     1 |       ||     2
  Evoke: Wand              |       |       |       |     7 |     4 |    18 |     1 |       ||    30
         Phantom mirror    |       |       |       |       |       |       |     2 |       ||     2
    Use: Scroll            |     1 |     6 |     6 |    16 |     8 |    16 |    13 |     7 ||    73
         Potion            |       |     3 |     1 |       |     1 |    11 |    33 |     5 ||    54
 Armour: Leather armour    |    11 |     9 |    23 |    22 |    17 |    47 |    23 |       ||   152
         Ring mail         |       |     9 |     2 |       |       |       |       |       ||    11
         Troll leather arm |       |       |       |       |       |       |    29 |    30 ||    59
         Acid dragon scale |       |       |       |       |       |       |       |    25 ||    25
  Dodge: Dodged            |    20 |    56 |    91 |   115 |   304 |   518 |   767 |   529 ||  2400
  Block: Other             |       |       |     1 |    21 |    66 |   102 |   118 |    88 ||   396
         Reflection        |       |       |       |     3 |     8 |    14 |    15 |     1 ||    41

Table legend: (Time is in decaauts)
 A = Elapsed time spent in this place.
 B = Non-inter-level travel time spent in this place.
 C = Inter-level travel time spent in this place.
 D = Time resting spent in this place.
 E = Time spent auto-exploring this place.
 F = Levels seen in this place.
 G = Mean time per level.
                   A        B        C        D        E       F      G
               +--------+--------+--------+--------+--------+-----+--------+
         Total |  48405 |  44157 |   4248 |   5685 |  26619 |  48 | 1008.4 |
       Dungeon |  15795 |  13782 |   2013 |   1912 |   9251 |  15 | 1053.0 |
        Temple |    204 |    184 |     20 |      0 |    145 |   1 |  204.0 |
          Lair |   5566 |   4984 |    582 |    419 |   3684 |   5 | 1113.2 |
         Swamp |   3415 |   3233 |    182 |    580 |   1804 |   4 |  853.8 |
     Snake Pit |   5447 |   5062 |    385 |    292 |   3764 |   4 | 1361.8 |
  Orcish Mines |   1556 |   1301 |    255 |     40 |    970 |   2 |  778.0 |
   Elven Halls |   2367 |   2289 |     78 |    594 |   1013 |   2 | 1183.5 |
        Vaults |   5970 |   5487 |    483 |    712 |   3247 |   4 | 1492.5 |
         Crypt |   2355 |   2175 |    180 |    542 |    944 |   2 | 1177.5 |
        Depths |   2337 |   2271 |     66 |     60 |   1555 |   3 |  779.0 |
         Abyss |   2978 |   2978 |      0 |    531 |    145 |   4 |  744.5 |
        Bazaar |     73 |     73 |      0 |      0 |      0 |   1 |   73.0 |
       Ossuary |    337 |    337 |      0 |      0 |     92 |   1 |  337.0 |
               +--------+--------+--------+--------+--------+-----+--------+

Top non-repeatable levels by time:
 Abyss:3: 1970 daAuts
  Lair:5: 1881 daAuts
    D:10: 1720 daAuts
Vaults:1: 1687 daAuts
 Snake:1: 1655 daAuts
Vaults:3: 1627 daAuts
   Elf:1: 1547 daAuts
    D:14: 1505 daAuts
Vaults:2: 1503 daAuts
 Snake:4: 1502 daAuts
 Crypt:2: 1424 daAuts
     D:5: 1286 daAuts
    D:15: 1271 daAuts
Depths:2: 1251 daAuts
 Snake:3: 1234 daAuts
